 Dungeon Crawl Stone Soup version 0.31-a0-879-g1609e0ac53 (webtiles) character file.

Game seed: 1125994132116987476

502739 Flugkiller the Markself (level 23, -3/156 HPs)
             Began as a Deep Elf Hexslinger on Oct 14, 2023.
             Was a High Priest of Okawaru.
             Drowned by a quicksilver ooze (7 damage)
             ... created by the Royal Jelly
             ... in the Arena.
             The game lasted 01:36:54 (56717 turns).

Flugkiller the Markself (Deep Elf Hexslinger)      Turns: 56717, Time: 01:36:55

Health: -3/156     AC:  0    Str:  5    XL:     23   Next: 78%
Magic:  0/49       EV: 38    Int: 20    God:    Okawaru [*****.]
Gold:   5081       SH:  0    Dex: 28    Spells: 35/62 levels left

rFire   + . .        B - +9 longbow (heavy)
rCold   + + .        (shield currently unavailable)
rNeg    . . .        l - +2 robe "Moisoemu" {rPois Int-2 Archmagi}
rPois   +            D - +2 helmet
rElec   .            A - scarf {rC+ rF+}
rCorr   .            d - +0 pair of fencer's gloves {Riposte Dex+3}
SInv    .            y - +2 pair of boots
Will    ++...        N - amulet of guardian spirit
Stlth   ++           P - +5 ring of evasion
HPRegen 0.46/turn    U - ring "Sunihuv" {Wiz rC+ Slay+6}
MPRegen 0.31/turn

%: guardian spirit, wizardry (x1), archmagi
@: engulfed (cannot breathe), corroded, duelling
A: no striking features
}: 3/15 runes: decaying, abyssal, gossamer
a: Renounce Religion, Heroism, Finesse, Duel


You were in the Arena.
You worshipped Okawaru.
Okawaru was extremely pleased with you.
You visited 10 branches of the dungeon, and saw 47 of its levels.
You visited the Abyss 2 times.
You visited 1 bazaar.
You also visited: Ice Cave and Desolation.

You collected 8350 gold pieces.
You spent 3269 gold pieces at shops.

Inventory:

Hand Weapons
 B - a +9 heavy longbow (weapon)
   (You acquired it on level 8 of the Dungeon)
Missiles
 G - 10 curare-tipped darts
 T - 10 throwing nets
Armour
 d - the +0 pair of fencer's gloves (worn) {Riposte Dex+3}
   (You found it on level 4 of the Spider Nest)

   Riposte:   It allows the wearer to riposte with melee weapons, swiftly
   retaliating against missed or blocked melee attacks.
   Dex+3:     It affects your dexterity (+3).
 k - the +2 ratskin cloak {*Rats rPois rN+ Str-1 Int-1 Dex+1}
   (You found it on level 4 of the Dungeon)

   *Rats:     When the wearer is hurt, rats may emerge from it to assist them.
   Str-1:     It affects your strength (-1).
   Int-1:     It affects your intelligence (-1).
   Dex+1:     It affects your dexterity (+1).
   rPois:     It protects you from poison rN+: It protects you from negative
   energy.
 l - the +2 robe "Moisoemu" (worn) {rPois Int-2 Archmagi}
   (You found it on level 2 of the Dungeon)

   Int-2:     It affects your intelligence (-2).
   rPois:     It protects you from poison Archmagi: It increases the power of
   your magical spells.
 y - a +2 pair of boots (worn)
   (You found it on level 5 of the Dungeon)
 A - a scarf of resistance (worn)
   (You found it on level 4 of the Spider Nest)
 D - a +2 helmet (worn)
   (You found it on level 9 of the Dungeon)
Jewellery
 f - a ring of protection from fire
   (You found it on level 5 of the Lair of Beasts)
 g - the ring "Ysaucauw" {rF+ Will+ Dex-5 Slay+3}
   (You took it off a servant of whispers in the Desolation of Salt)

   [ring of willpower]

   Dex-5:     It affects your dexterity (-5).
   Slay+3:    It affects your accuracy & damage with ranged weapons and melee
   (+3).
   rF+:       It protects you from fire.
   Will+:     It increases your willpower.
 j - a +4 ring of slaying
   (You took it off a rakshasa on level 2 of the Depths)
 m - a ring of willpower
   (You found it on level 12 of the Dungeon)
 p - a ring of protection from cold
   (You found it on level 11 of the Dungeon)
 N - an amulet of guardian spirit (around neck)
   (You bought it in a shop on level 6 of the Dungeon)
 P - a +5 ring of evasion (left hand)
   (You found it on level 15 of the Dungeon)
 S - a +6 ring of strength
   (You found it on level 3 of the Depths)
 U - the ring "Sunihuv" (right hand) {Wiz rC+ Slay+6}
   (You bought it in a shop on level 2 of the Orcish Mines)

   [ring of wizardry]

   Wiz:       It improves your spell success rate.
   Slay+6:    It affects your accuracy & damage with ranged weapons and melee
   (+6).
   rC+:       It protects you from cold.
Wands
 a - a wand of digging (19)
   (You found it on level 9 of the Dungeon)
 c - a wand of iceblast (33)
   (You found it on level 4 of the Lair of Beasts)
 x - a wand of mindburst (29)
   (You found it on level 5 of the Dungeon)
 E - a wand of light (25)
   (You took it off a wight on level 7 of the Dungeon)
 F - a wand of polymorph (30)
   (You found it on level 2 of the Lair of Beasts)
 O - a wand of flame (61)
   (You found it on level 14 of the Dungeon)
Scrolls
 b - 4 scrolls of poison
 e - 5 scrolls of fog
 o - 3 scrolls of enchant armour
 s - 2 scrolls of silence
 C - 4 scrolls of immolation
 H - 9 scrolls of fear
 L - 7 scrolls of vulnerability
 R - 3 scrolls of revelation
Potions
 h - 4 potions of haste
 i - 9 potions of enlightenment
 n - 5 potions of resistance
 q - 3 potions of curing
 r - 3 potions of ambrosia
 u - 2 potions of cancellation
 I - 9 potions of brilliance
 J - 8 potions of attraction
 K - 2 potions of invisibility
 Q - 5 potions of mutation
Miscellaneous
 M - a phial of floods
   (You found it on level 12 of the Dungeon)
 V - a lightning rod (4/4)
   (You found it in the Desolation of Salt)


   Skills:
 - Level 20.0 Fighting
 - Level 20.0 Ranged Weapons
 + Level 8.0 Armour
 - Level 20.0 Dodging
 - Level 20.0 Spellcasting
 - Level 20.0 Hexes
 - Level 1.1 Fire Magic
 - Level 14.0 Invocations
 - Level 20.0 Evocations


You had 35 spell levels left.
You knew the following spells:

 Your Spells              Type           Power      Damage    Failure   Level
a - Jinxbite              Hex            100%       N/A       0%          2
b - Sigil of Binding      Hex            100%       N/A       0%          3
c - Cause Fear            Hex            50%        N/A       0%          4
d - Dimensional Bullseye  Hex/Tloc       37%        N/A       1%          4
e - Inner Flame           Hex/Fire       75%        N/A       1%          3
f - Leda's Liquefaction   Hex/Erth       37%        N/A       1%          4
g - Enfeeble              Hex            50%        N/A       1%          7

Your spell library contained the following spells:

 Spells                   Type           Power      Damage    Failure   Level
 Slow                     Hex            100%       N/A       0%          1
 Confusing Touch          Hex            100%       N/A       0%          3
 Apportation              Tloc           60%        N/A       1%          1
 Freeze                   Ice            100%       1d10      1%          1
 Kiss of Death            Conj/Necr      100%       2d13      1%          1
 Magic Dart               Conj           100%       1d8       1%          1
 Necrotise                Necr           100%       1d9       1%          1
 Shock                    Conj/Air       100%       1d9       1%          1
 Cigotuvi's Dreadful Rot  Necr/Pois/Air  60%        N/A       1%          2
 Ensorcelled Hibernation  Hex/Ice        100%       N/A       1%          2
 Poisonous Vapours        Pois/Air       60%        N/A       1%          2
 Scorch                   Fire           72%        2d8       1%          2
 Sublimation of Blood     Necr           30%        N/A       1%          2
 Wereblood                Tmut           30%        N/A       1%          2
 Dazzling Flash           Conj/Hex       100%       N/A       1%          3
 Anguish                  Hex/Necr       37%        N/A       1%          4
 Fulminant Prism          Conj/Hex       37%        3d17      1%          4
 Metabolic Englaciation   Hex/Ice        37%        N/A       1%          5
 Silence                  Hex/Air        37%        N/A       1%          5
 Yara's Violent Unravell  Hex/Tmut       37%        3d15      1%          5
 Discord                  Hex            50%        N/A       1%          8
 Volatile Blastmotes      Fire/Tloc      66%        2d15      2%          3
 Hailstorm                Conj/Ice       30%        3d8       3%          3
 Mephitic Cloud           Conj/Pois/Air  30%        N/A       3%          3
 Ozocubu's Armour         Ice            30%        N/A       3%          3
 Swiftness                Air            30%        N/A       3%          3
 Vampiric Draining        Necr           30%        2d8       3%          3
 Flame Wave               Conj/Fire      33%        2d10      9%          4
 Sticky Flame             Conj/Fire      33%        2d5       9%          4
 Airstrike                Air            15%        2d(3-19)  10%         4
 Brom's Barrelling Bould  Conj/Erth      30%        2d5       10%         4
 Dispel Undead            Necr           30%        3d14      10%         4
 Iskenderun's Mystic Bla  Conj/Tloc      30%        2d8       10%         4
 Olgreb's Toxic Radiance  Pois           30%        N/A       10%         4
 Passage of Golubria      Tloc           30%        N/A       10%         4
 Petrify                  Tmut/Erth      30%        N/A       10%         4
 Fireball                 Conj/Fire      16%        3d8       22%         5
 Agony                    Necr           30%        N/A       26%         5
 Alistair's Intoxication  Tmut/Pois      20%        N/A       26%         5
 Borgnjor's Vile Clutch   Necr/Erth      15%        N/A       26%         5
 Freezing Cloud           Conj/Ice/Air   15%        6-21      26%         5
 Iskenderun's Battlesphe  Conj           30%        2d8       26%         5
 Bombard                  Conj/Erth      15%        9d3       80%         6
 Conjure Ball Lightning   Conj/Air       15%        3x3d6     80%         6
 Orb of Destruction       Conj           15%        9d7       100%        7
 Ozocubu's Refrigeration  Ice            15%        4d10      100%        7
 Ignition                 Fire           18%        3d7       100%        8
 Tukima's Dance           Hex            Unusable   N/A       N/A         3
 Summon Small Mammal      Summ           Unusable   N/A       N/A         1
 Call Imp                 Summ           Unusable   N/A       N/A         2
 Call Canine Familiar     Summ           Unusable   N/A       N/A         3
 Summon Ice Beast         Ice/Summ       Unusable   N/A       N/A         4
 Death Channel            Necr           Unusable   N/A       N/A         6
 Simulacrum               Ice/Necr       Unusable   N/A       N/A         6
 Spellforged Servitor     Conj/Summ      Unusable   N/A       N/A         7
 Summon Hydra             Summ           Unusable   N/A       N/A         7

Dungeon Overview and Level Annotations

Branches:
Dungeon (15/15) Zot: 24540  Temple (1/1) D:6 Zot: 5985    Lair (5/5) D:8 Zot: 23717
  Swamp (4/4) Lair:3 Zot: 20358  Spider (4/4) Lair:3 Zot: 19056   Slime (5/5) Lair:5 Zot: 25425
    Orc (2/2) D:10 Zot: 10997     Elf (3/3) Orc:2 Zot: 13734  Vaults (4/5) D:13 Zot: 18021
  Crypt (0/3) Vaults:3     Depths (4/4) D:15 Zot: 14487     Zot (0/5) Depths:4
  IceCv (visited)         Desolation (visited)

Altars:
Ashenzari
Cheibriados
Dithmenos
Elyvilon
Fedhas
Gozag
Hepliaklqana
Kikubaaqudgha
Makhleb
Nemelex Xobeh
Okawaru
Qazlal
Ru
Sif Muna
Trog
Uskayaw
Vehumet
Wu Jian
Xom
Yredelemnul
Zin
The Shining One
Jiyva
Lugonu

Shops:
D:1 *[*[?   D:6 =   D:15 ?   Orc:2 =((*   Elf:3 (   Vaults:1 !   Depths:2 *[*
Depths:4 [

Portals:
Hell: Depths:1 Depths:2 Depths:3 Depths:4
Abyss: Depths:2 Depths:3
Pandemonium: Depths:2
Ziggurat: Depths:3
Trove: D:13 (give +5 demon trident)

Annotations:
D:13 3 runed translucent doors, jt's ghost, journeyman NaAr
Vaults:2 1 runed translucent door, Fieg's ghost, veteran HuWn


Message History

You start resting.
HP restored.
There is a stone staircase leading down here.
You climb downwards.
The acid blob quivers.
The quicksilver ooze quivers.
The acid blob quivers.
The quicksilver ooze completely misses you. x3
The quicksilver ooze barely misses you. The acid blob spits acid at you.
The splash of acid hits you. The acid corrodes you!
The acid blob closely misses you. The acid blob completely misses you.
The quicksilver ooze barely misses you. The quicksilver ooze hits you!
You feel your power leaking away.
The rockslime quivers.
The slime creature quivers.
There is a stone staircase leading up here.
The quicksilver ooze completely misses you. x2
The acid blob hits you!!! The acid corrodes you!
You are splashed with acid!
The acid blob completely misses you.
You climb upwards.
There is a stone staircase leading down here.
You shoot an arrow. The arrow barely misses the acid blob.
The quicksilver ooze completely misses you.
The quicksilver ooze hits you!
You feel your power leaking away. The acid blob barely misses you.
The acid blob completely misses you.
The quicksilver ooze completely misses you.
The quicksilver ooze misses you. The acid blob completely misses you.
You shoot an arrow. The arrow hits the acid blob.
The acid blob is lightly wounded.
The quicksilver ooze completely misses you. x2
The acid blob completely misses you. The acid blob spits acid at you.
The splash of acid misses you.
The quicksilver ooze completely misses you.
The quicksilver ooze misses you.
You shoot an arrow. The arrow hits the acid blob!
The acid blob is moderately wounded.
The acid blob hits you!!
You are splashed with acid.
The quicksilver ooze hits you. The quicksilver ooze engulfs you!
The quicksilver ooze misses you. The acid blob spits acid at you.
The splash of acid hits you!!
* * * LOW HITPOINT WARNING * * *
The acid corrodes you! The acid blob completely misses you.
You are too injured to fight recklessly!
Okay, then.
* * * LOW HITPOINT WARNING * * *
Your lungs strain for air!
The quicksilver ooze barely misses you.
The quicksilver ooze completely misses you.
The ooze engulfing you falls away.
You gasp with relief as air once again reaches your lungs.
Unknown command.
Aiming: Duel (2% risk of failure)
Press: ? - help, Dir - move target, f - quicksilver ooze, p - acid blob
Aim: a quicksilver ooze You enter into single combat with the quicksilver ooze!
The world spins around you as you enter the gateway.
You enter Okawaru's Arena!
The spectator shouts! x5
The quicksilver ooze completely misses you.
The quicksilver ooze barely misses you.
Found a gate leading back out of this place.
There is an empty arch of ancient stone here.
Fire: B) +9 longbow (heavy)
Press: ? - help, Q - select action, (/) - cycle Shift-Dir - straight line, f - quicksilver ooze
Aim: a quicksilver ooze (75% to hit)
You shoot an arrow.
The arrow completely misses the quicksilver ooze.
The spectator shouts! x4
The quicksilver ooze completely misses you.
The quicksilver ooze closely misses you.
The quicksilver ooze hits you!!
* * * LOW HITPOINT WARNING * * *
The quicksilver ooze engulfs you! The quicksilver ooze barely misses you.
Fire: B) +9 longbow (heavy)
Press: ? - help, Q - select action, (/) - cycle Shift-Dir - straight line, f/p - quicksilver ooze
Aim: a quicksilver ooze (75% to hit)
You shoot an arrow.
The arrow closely misses the quicksilver ooze.
* * * LOW HITPOINT WARNING * * *
Your lungs strain for air!
The quicksilver ooze misses you. The quicksilver ooze hits you!
* * * LOW HITPOINT WARNING * * *
The quicksilver ooze misses you.
The quicksilver ooze closely misses you.
Fire: B) +9 longbow (heavy)
Press: ? - help, Q - select action, (/) - cycle Shift-Dir - straight line, f/p - quicksilver ooze
Aim: a quicksilver ooze (75% to hit)
You shoot an arrow. The arrow hits the quicksilver ooze!!
The quicksilver ooze is heavily wounded.
* * * LOW HITPOINT WARNING * * *
Your lungs strain for air!
The quicksilver ooze completely misses you. x2
Fire: B) +9 longbow (heavy)
Press: ? - help, Q - select action, (/) - cycle Shift-Dir - straight line, f/p - quicksilver ooze
Aim: a quicksilver ooze (heavily wounded, 75% to hit)
You shoot an arrow.
The arrow barely misses the quicksilver ooze.
You die...
Okawaru crowns the quicksilver ooze victorious!

#########
##..▓▓▓..##
##.p▓▓.▓▓p.##
##.p▓▓...▓▓p.##
#.p▓▓.....▓▓p.#
#.▓▓.......▓▓.#
#▓▓.........▓.#
#∩▓....@....▓#
#▓▓...J.....▓.#
#.▓▓.......▓▓.#
#.p▓▓.....▓▓p.#
##.p▓▓...▓▓p.##
##.p▓▓.▓▓p.##
##..▓▓▓..##
#########


You could see a quicksilver ooze.

Vanquished Creatures
  the Royal Jelly (Arena)
  Mara (Spider:3)
  A juggernaut (Depths:3)
  Frederick (Depths:3)
  A golden dragon (Depths:3)
  3 caustic shrikes
  Norris (Depths:3)
  2 bone dragons
  Arachne (Spider:4)
  Jorgrun (Swamp:2)
  Mlioglotl (Swamp:3)
  6 tentacled monstrosities
  8 liches
  2 deep elf blademasters
  2 sphinxes
  A walking frostbound tome (Depths:2)
  3 deep elf master archers (Elf:3)
  8 acid blobs
  5 tentacled starspawn (Abyss:3)
  2 titans (Depths:3)
  A shadow dragon (Depths:4)
  2 tengu reavers
  2 storm dragons (Depths:3)
  A thorn hunter (Swamp:4)
  Aizul (Vaults:1)
  8 rockslimes
  2 azure jellies (Slime:4)
  A daeva (Depths:3)
  10 emperor scorpions
  A fire giant (Depths:4)
  Louise (Spider:1)
  3 iron dragons
  11 deep elf sorcerers
  12 vault wardens
  5 imperial myrmidons (Desolation)
  5 frost giants
  3 deep elf elementalists
  An angel (Depths:3)
  A juggernaut zombie (Depths:2)
  2 orc warlords
  5 ghost moths
  2 ghouls (Swamp:4)
  2 quicksilver oozes
  17 ironbound preservers
  2 draconian annihilators
  2 formless jellyfish
  20 very ugly things
  4 spriggan defenders
  9 ironbound thunderhulks
  A starflower (Abyss:3)
  15 stone giants
  A broodmother (Spider:4)
  5 eleionomae
  A green draconian (Depths:4)
  3 black draconians (Depths:4)
  3 bunyips
  3 deep elf demonologists
  A yellow draconian (Depths:3)
  9 spark wasps
  2 white draconians (Depths:4)
  7 vampire knights
  9 deep elf annihilators
  3 dire elephants (Vaults:3)
  3 halazid warlocks (Desolation)
  A purple draconian (Depths:4)
  9 starcursed masses (Abyss:3)
  6 deep elf death magi (Elf:3)
  4 crystal guardians
  6 ettins
  A merfolk javelineer (Abyss:3)
  6 yaktaur captains
  3 entropy weavers
  2 shambling mangroves
  9 ragged hierophants (Desolation)
  6 fire dragons
  A great orb of eyes (shapeshifter) (D:11)
  8 great orbs of eyes
  18 vault guards
  4 rakshasas
  5 peacekeepers
  6 deep elf high priests
  5 servants of whispers (Desolation)
  A jorogumo (Spider:3)
  An ogre mage (D:15)
  8 ice dragons
  Harold (D:11)
  22 hydras
  6 spriggan air magi
  3 radroaches
  A hell beast (Depths:1)
  7 ironbound frosthearts
  2 ghost crabs
  5 alligators
  6 centaur warriors
  4 two-headed ogres
  A radroach (shapeshifter) (Depths:4)
  5 boulder beetles
  20 dancing weapons
  A death knight (D:13)
  A catoblepas (Lair:5)
  A satyr (Abyss:3)
  6 deep troll shamans
  A hell hog (Depths:1)
  5 demonic crawlers (Spider:1)
  7 tengu warriors
  3 death yaks (Lair:5)
  10 deep troll earth magi
  4 spriggan berserkers
  6 thrashing horrors (Abyss:3)
  7 large abominations (Abyss:3)
  Sonja (Orc:1)
  11 spriggans
  A soul eater (Depths:1)
  A sun demon (Depths:3)
  5 hell knights (Vaults:2)
  4 skysharks
  5 wretched stars
  11 iron trolls
  13 deep elf knights
  5 skeletal warriors
  7 goliath frogs
  9 pharaoh ants
  7 orb spiders
  52 deep trolls
  A quicksilver dragon simulacrum (Depths:1)
  An orb spider (shapeshifter) (Vaults:4)
  10 steelbarb worms
  6 spriggan druids
  6 bog bodies
  8 deep elf archers
  9 swamp dragons (Swamp:4)
  2 glowing orange brains (Vaults:1)
  A shadow demon (Depths:2)
  A deep troll (shapeshifter) (Depths:3)
  3 flayed ghosts
  11 ironbound convokers
  An orange crystal statue (Depths:1)
  A harpy (Vaults:4)
  9 orc knights
  A wolf spider zombie (D:13)
  13 wizards
  14 lindwurms
  43 deep elf pyromancers
  4 necromancers
  26 ugly things
  An oklob plant (Abyss:3)
  4 orc sorcerers
  3 cyclopes
  A tengu skeleton (Depths:2)
  A faun (shapeshifter) (Abyss:3)
  12 wolf spiders
  A worldbinder (Abyss:3)
  A salamander (shapeshifter) (Depths:4)
  4 shining eyes
  26 deep elf zephyrmancers
  3 will-o-the-wisps
  5 moths of wrath
  Maurice (D:11)
  17 vault sentinels
  5 manticores
  A guardian serpent (Desolation)
  Joseph (D:9)
  2 fire giant skeletons (Depths:2)
  16 elephants
  An orange demon (Depths:2)
  2 eyes of devastation
  3 black mambas
  An apocalypse crab (Abyss:3)
  A rust devil (Depths:2)
  A molten gargoyle (Desolation)
  5 torpor snails
  5 smoke demons
  A gargoyle (D:13)
  3 unseen horrors
  8 cane toads
  20 yaktaurs
  6 rime drakes
  4 kobold demonologists (D:12)
  5 efreet
  7 komodo dragons
  3 tengu conjurers
  4 ancient zymes (Abyss:3)
  2 freezing wraiths
  3 meliai (Spider:4)
  A red devil (Depths:2)
  3 trolls
  9 tyrant leeches
  11 polar bears
  2 bloated husks
  47 saltlings (Desolation)
  19 tarantellas
  A hornet (shapeshifter) (Abyss:3)
  13 hornets
  8 raiju (Abyss:3)
  25 blink frogs
  4 dream sheep (Lair:3)
  A harpy skeleton (Abyss:3)
  5 meliai zombies (D:13)
  4 air elementals
  A slime creature (shapeshifter) (Depths:2)
  29 jumping spiders
  68 slime creatures
  43 yaks
  2 flying skulls (Abyss:3)
  22 culicivoras
  2 water elementals
  2 vampires
  4 wraiths
  3 fire elementals
  9 wyverns
  A hog (shapeshifter) (Elf:2)
  2 fire bats (Lair:2)
  9 basilisks
  2 golden eyes (Slime:5)
  3 steam dragons
  A redback (shapeshifter) (Elf:1)
  48 redbacks
  9 vampire mosquitoes
  2 chaos spawn (Abyss:3)
  6 wargs
  16 swamp worms
  3 acid dragons
  17 hell hounds (Lair:5)
  A glowing shapeshifter zombie (Depths:2)
  19 water moccasins
  4 floating eyes
  30 orc warriors
  A hornet zombie (D:13)
  8 swamp drakes
  4 ice beasts
  An ice beast (shapeshifter) (D:14)
  13 black bears
  3 sky beasts
  8 ogres
  21 centaurs
  29 wolves
  5 phantoms
  13 bullfrogs
  3 kobold brigands
  2 necrophages (Swamp:4)
  A wyvern zombie (D:5)
  4 scorpions
  An earth elemental (Elf:1)
  A water moccasin zombie (D:5)
  8 wights (D:7)
  2 small abominations (Abyss:3)
  A water moccasin skeleton (D:5)
  A wyvern skeleton (D:5)
  3 elephant simulacra (IceCv)
  22 killer bees
  2 howler monkeys
  4 electric eels
  A lava snake (Lair:2)
  6 centaur zombies
  2 jellies (D:6)
  3 hounds
  6 orc priests
  A bullfrog skeleton (D:5)
  5 iguanas
  2 sleepcaps
  2 scorpion zombies (D:5)
  A boggart zombie (D:13)
  16 orc wizards
  5 hell rats (Lair:1)
  A killer bee zombie (D:5)
  A howler monkey zombie (D:5)
  4 gnolls (D:4)
  4 adders
  4 white imps
  4 ufetubi
  An adder zombie (D:5)
  2 dart slugs
  76 orcs
  6 endoplasms
  2 giant cockroaches
  6 goblins
  11 hobgoblins
  6 jackals
  13 kobolds
  4 quokkas
  6 ball pythons
  2 bats (D:1)
  3 frilled lizards
  4 rats
  A butterfly (D:3)
  A lurking horror (Abyss:3)
  5 starspawn tentacles (Abyss:3)
1880 creatures vanquished.

Vanquished Creatures (collateral kills)
  An iguana (D:5)
1 creature vanquished.

Vanquished Creatures (others)
  2 fire giants
  A tengu warrior (Depths:3)
  A deep elf archer (Elf:3)
  2 raiju (Abyss:3)
  A flying skull (Abyss:3)
  An orc wizard (Orc:1)
  6 foxfires
  6 starspawn tentacles (Abyss:3)
20 creatures vanquished.

Grand Total: 1901 creatures vanquished

Notes
Turn   | Place    | Note
-------+----------+-------------------------------------------
     0 | D:1      | Flugkiller the Deep Elf Hexslinger began the quest for the
                  | Orb.
     0 | D:1      | Reached XP level 1. HP: 11/11 MP: 5/5
    65 | D:1      | Reached skill level 1 in Fighting
    77 | D:1      | Reached XP level 2. HP: 12/16 MP: 6/6
   194 | D:1      | Found Tebiaf's General Store.
   197 | D:1      | Found Iruvawulig's Armour Boutique.
   260 | D:1      | Found Bieric's Magic Scroll Emporium.
   441 | D:1      | Learned a level 2 spell: Jinxbite
   599 | D:1      | Reached XP level 3. HP: 21/21 MP: 7/7
   602 | D:1      | Found Mollasch's General Store.
   778 | D:2      | Identified the +2 robe "Moisoemu" {rPois Int-2 Archmagi}
  1176 | D:2      | Learned a level 3 spell: Sigil of Binding
  1647 | D:3      | Found a faded altar of an unknown god.
  1835 | D:3      | Reached skill level 5 in Hexes
  1835 | D:3      | Reached XP level 4. HP: 18/26 MP: 6/9
  1879 | D:3      | Found a shimmering altar of Xom.
  2091 | D:3      | Reached XP level 5. HP: 30/30 MP: 10/10
  2728 | D:4      | Found the +2 ratskin cloak {*Rats rPois rN+ Str-1 Int-1
                  | Dex+1}
  2794 | D:4      | Found a hazy altar of Hepliaklqana.
  2855 | D:4      | Noticed a phantom
  2868 | D:4      | Killed a phantom
  2869 | D:4      | Reached skill level 5 in Ranged Weapons
  2869 | D:4      | Reached XP level 6. HP: 34/37 MP: 8/11
  2923 | D:4      | Noticed an ice beast
  2930 | D:4      | Killed an ice beast
  3248 | D:5      | Entered Level 5 of the Dungeon
  3325 | D:5      | Noticed a water moccasin
  3335 | D:5      | Killed a water moccasin
  3336 | D:5      | Reached XP level 7. HP: 42/42 MP: 10/12
  3384 | D:5      | Found a sacrificial altar of Ru.
  3536 | D:5      | Learned a level 4 spell: Cause Fear
  4081 | D:5      | Reached skill level 5 in Dodging
  4208 | D:5      | Found a blossoming altar of Fedhas.
  4286 | D:5      | Reached XP level 8. HP: 48/48 MP: 11/13
  4289 | D:5      | Found a basalt altar of Yredelemnul.
  4672 | D:5      | Identified the +0 ring mail "Yliamp" {rElec}
  4800 | D:6      | Found Ivvasa's Jewellery Emporium.
  4974 | D:6      | Found a staircase to the Ecumenical Temple.
  4979 | Temple   | Entered the Ecumenical Temple
  4986 | Temple   | Became a worshipper of Warmaster Okawaru
  5035 | D:6      | Reached skill level 10 in Ranged Weapons
  5051 | D:6      | Reached skill level 1 in Invocations
  5117 | D:6      | Reached skill level 1 in Evocations
  5117 | D:6      | Reached XP level 9. HP: 52/52 MP: 11/14
  5434 | D:7      | Found a white marble altar of Elyvilon.
  5667 | D:7      | Reached * piety under Okawaru
  6255 | D:7      | Reached skill level 5 in Fighting
  6885 | D:8      | Reached ** piety under Okawaru
  7071 | D:8      | Reached skill level 5 in Evocations
  7181 | D:8      | Reached XP level 10. HP: 50/60 MP: 11/15
  7419 | D:8      | Noticed an elephant
  7436 | D:8      | Killed an elephant
  7463 | D:8      | Found a staircase to the Lair.
  7846 | D:8      | Reached *** piety under Okawaru
  8058 | D:8      | Identified 2 scrolls of acquirement
  8058 | D:8      | Acquired 568 gold pieces
  8060 | D:8      | Acquired a +1 longbow of draining
  8249 | D:9      | Found the +9 scales of the Dragon King {rPois rF+ rC+
                  | Will+}
  8368 | D:9      | Found a broken altar of Ashenzari.
  8479 | D:9      | Noticed Joseph
  8488 | D:9      | Reached skill level 10 in Dodging
  8528 | D:9      | Killed Joseph
  8735 | D:9      | Found a glowing golden altar of the Shining One.
  9054 | D:10     | Entered Level 10 of the Dungeon
  9061 | D:10     | Reached **** piety under Okawaru
  9135 | D:10     | Noticed a two-headed ogre
  9142 | D:10     | Killed a two-headed ogre
  9186 | D:10     | Found a staircase to the Orcish Mines.
  9363 | D:10     | Reached XP level 11. HP: 50/66 MP: 16/16
  9588 | D:11     | Noticed Harold
  9592 | D:11     | Killed Harold
  9604 | D:11     | Reached ***** piety under Okawaru
  9664 | D:11     | Noticed a two-headed ogre
  9684 | D:11     | Killed a two-headed ogre
  9979 | D:11     | Noticed a great orb of eyes
  9995 | D:11     | Killed a great orb of eyes
 10045 | D:11     | Received a gift from Okawaru
 10057 | D:11     | Noticed Maurice
 10061 | D:11     | Maurice stole a ring of flight
 10066 | D:11     | Killed Maurice
 10336 | D:11     | Noticed a two-headed ogre
 10402 | D:11     | Killed a two-headed ogre
 10759 | D:6      | Bought a +5 ring of evasion for 396 gold pieces
 10846 | Lair:1   | Entered Level 1 of the Lair of Beasts
 10887 | Lair:1   | Reached skill level 5 in Invocations
 10904 | Lair:1   | Reached skill level 15 in Ranged Weapons
 10907 | Lair:1   | Received a gift from Okawaru
 10959 | Lair:1   | Reached XP level 12. HP: 73/73 MP: 10/19
 11362 | Lair:1   | Received a gift from Okawaru
 12269 | Lair:2   | Reached skill level 10 in Invocations
 12816 | Lair:3   | Reached ****** piety under Okawaru
 12832 | Lair:3   | Received a gift from Okawaru
 12841 | Lair:2   | Acquired a +2 heavy arbalest
 12841 | Lair:2   | Received a gift from Okawaru
 12842 | Lair:2   | Acquired the +5 ring mail of Rec Qen {Int+5}
 12842 | Lair:2   | Received a gift from Okawaru
 13100 | Lair:3   | Noticed an eleionoma
 13106 | Lair:3   | Killed an eleionoma
 13153 | Lair:3   | Reached XP level 13. HP: 42/78 MP: 22/22
 13279 | Lair:3   | Found a staircase to the Swamp.
 13438 | Lair:3   | Found a glowing silver altar of Zin.
 13517 | Lair:3   | Found a hole to the Spider Nest.
 13856 | Lair:3   | Acquired a manual of Hexes
 13863 | Lair:3   | Learned a level 4 spell: Dimensional Bullseye
 13867 | Lair:3   | Learned a level 3 spell: Inner Flame
 14021 | Lair:4   | Received a gift from Okawaru
 14094 | Lair:4   | Reached skill level 10 in Hexes
 14305 | Lair:4   | Found an opulent altar of Gozag.
 14681 | Lair:5   | Entered Level 5 of the Lair of Beasts
 14731 | Lair:5   | Received a gift from Okawaru
 14847 | Lair:5   | Received a gift from Okawaru
 15519 | Lair:5   | Reached XP level 14. HP: 86/86 MP: 23/23
 15533 | Lair:5   | Found a viscous altar of Jiyva.
 15620 | Lair:5   | Found a staircase to the Slime Pits.
 15734 | Lair:5   | Received a gift from Okawaru
 15998 | Lair:5   | Reached skill level 10 in Fighting
 16517 | D:12     | Received a gift from Okawaru
 16715 | D:12     | You fall into a shaft and drop 2 floors!
 16987 | D:13     | Found a portal to a secret trove of treasure.
 17083 | D:12     | Reached skill level 15 in Dodging
 17614 | D:13     | Found a basalt altar of Yredelemnul.
 17628 | D:13     | Reached skill level 5 in Spellcasting
 17645 | D:13     | Received a gift from Okawaru
 17827 | D:13     | Found a gate to the Vaults.
 17941 | D:13     | Found a runed translucent gate.
 17943 | D:13     | Found a runed translucent gate.
 17943 | D:13     | Noticed jt's ghost (journeyman NaAr)
 17944 | D:13     | Found a runed translucent gate.
 18395 | D:6      | Bought an amulet of guardian spirit for 330 gold pieces
 18900 | D:14     | Reached XP level 15. HP: 80/92 MP: 23/29
 19212 | D:14     | Found an ancient bone altar of Kikubaaqudgha.
 19401 | D:15     | Entered Level 15 of the Dungeon
 19425 | D:14     | Reached skill level 10 in Spellcasting
 19572 | D:15     | Received a gift from Okawaru
 19656 | D:15     | Identified the +5 short sword of Resourcefulness {drain,
                  | rN+ Int+4}
 19790 | D:15     | Found Xunota's Magic Scroll Shoppe.
 19800 | D:15     | Bought a scroll of revelation for 105 gold pieces
 20197 | D:15     | Found a staircase to the Depths.
 20340 | Orc:1    | Entered Level 1 of the Orcish Mines
 20403 | Orc:1    | Found a frozen archway.
 20420 | IceCv    | Entered an ice cave
 20431 | IceCv    | Received a gift from Okawaru
 20466 | IceCv    | Found a transporter.
 20483 | IceCv    | Found a transporter.
 20699 | Orc:1    | Noticed Sonja
 20731 | Orc:1    | Killed Sonja
 20861 | Orc:2    | Entered Level 2 of the Orcish Mines
 21100 | Orc:2    | Found a staircase to the Elven Halls.
 21310 | Orc:2    | Found Usolixo's Weapon Shop.
 21310 | Orc:2    | Found Emygapiu's Antique Weapon Shoppe.
 21312 | Orc:2    | Found Dogyist's General Store.
 21314 | Orc:2    | Found Ideshrudgh's Jewellery Boutique.
 21321 | Orc:2    | Bought a potion of mutation for 128 gold pieces
 21326 | Orc:2    | Bought the ring "Sunihuv" {Wiz rC+ Slay+6} for 1038 gold
                  | pieces
 21578 | Swamp:1  | Entered Level 1 of the Swamp
 21590 | Swamp:1  | Received a gift from Okawaru
 22264 | Swamp:2  | Received a gift from Okawaru
 22405 | Swamp:2  | Noticed Jorgrun
 22418 | Swamp:2  | Killed Jorgrun
 22556 | Swamp:2  | Noticed a tentacled monstrosity
 22579 | Swamp:2  | Killed a tentacled monstrosity
 22580 | Swamp:2  | Reached XP level 16. HP: 54/100 MP: 18/34
 23081 | Swamp:3  | Received a gift from Okawaru
 23583 | Swamp:3  | Noticed Mlioglotl
 23605 | Swamp:3  | Killed Mlioglotl
 24289 | Swamp:4  | Entered Level 4 of the Swamp
 24301 | Swamp:4  | Received a gift from Okawaru
 24553 | Swamp:4  | Reached skill level 15 in Hexes
 24595 | Swamp:4  | Noticed a thorn hunter
 24602 | Swamp:4  | Received a gift from Okawaru
 24607 | Swamp:4  | Killed a thorn hunter
 24819 | Swamp:4  | Received a gift from Okawaru
 25003 | Swamp:4  | Got a decaying rune of Zot
 25009 | Swamp:4  | Acquired 1183 gold pieces
 25397 | Elf:1    | Entered Level 1 of the Elven Halls
 25584 | Elf:1    | Reached XP level 17. HP: 110/110 MP: 35/35
 25650 | Elf:1    | Received a gift from Okawaru
 26032 | Orc:2    | Bought a scroll of enchant armour for 120 gold pieces
 26437 | Elf:2    | Received a gift from Okawaru
 26560 | Elf:2    | Identified the +0 ring mail of the Slightly Bent {rElec
                  | Int+3 Dex-3}
 26716 | Elf:2    | Found a huge runed translucent gate.
 26716 | Elf:2    | Found a huge runed translucent gate.
 26727 | Elf:2    | Found a huge runed translucent gate.
 26883 | Elf:2    | Found a huge runed translucent gate.
 26883 | Elf:2    | Found a huge runed translucent gate.
 27266 | Elf:2    | Received a gift from Okawaru
 27275 | Elf:2    | Reached skill level 15 in Spellcasting
 27442 | Elf:3    | Entered Level 3 of the Elven Halls
 27514 | Elf:3    | Paralysed by an air elemental for 1 turns
 27517 | Elf:3    | Paralysed by an air elemental for 1 turns
 27694 | Elf:3    | Noticed a deep elf master archer
 27694 | Elf:3    | Noticed a deep elf blademaster
 27696 | Arena    | Entered the Arena
 27723 | Elf:3    | Noticed a deep elf blademaster
 27723 | Abyss:3  | Found a corrupted altar of Lugonu.
 27723 | Abyss:3  | Cast into level 3 of the Abyss (a deep elf sorcerer)
 27760 | Abyss:3  | Noticed a bone dragon
 27784 | Abyss:3  | Killed a bone dragon
 27972 | Abyss:3  | Received a gift from Okawaru
 28026 | Abyss:3  | Reached XP level 18. HP: 105/118 MP: 36/39
 28032 | Abyss:3  | Noticed a lich
 28033 | Abyss:3  | Noticed a lich
 28037 | Abyss:3  | Killed a lich
 28056 | Arena    | Entered the Arena
 28065 | Arena    | Reached skill level 15 in Fighting
 28125 | Abyss:3  | Killed a lich
 28511 | Abyss:3  | Lost strength.
 28602 | Abyss:3  | Got an abyssal rune of Zot
 28720 | Abyss:3  | Noticed a lich
 28833 | Abyss:3  | Killed a lich
 28841 | Elf:3    | Escaped the Abyss
 28843 | Arena    | Entered the Arena
 29077 | Elf:3    | Found Metonos's Weapon Boutique.
 29134 | Elf:3    | Paralysed by an air elemental for 1 turns
 29726 | Abyss:3  | Cast into level 3 of the Abyss (a deep elf sorcerer)
 29798 | Elf:3    | Escaped the Abyss
 29805 | Elf:3    | Received a gift from Okawaru
 30259 | Arena    | Entered the Arena
 30727 | Elf:3    | Reached XP level 19. HP: 123/130 MP: 38/40
 30750 | Elf:3    | Identified the +2 ring mail "Goth" {rElec rN+ rCorr}
 30754 | Elf:3    | Identified the +6 arbalest of Charity {elec, +Blink rC-
                  | Dex+4}
 30760 | Elf:3    | Identified the +6 rapier of the Gnashing Dove {heavy,
                  | Dex+3}
 30826 | Elf:3    | Identified the staff "Saegoow" {+Blink rC+ Str+3 Ice}
 31056 | Elf:3    | Learned a level 4 spell: Leda's Liquefaction
 31356 | Spider:1 | Entered Level 1 of the Spider Nest
 31395 | Spider:1 | Identified the +7 shortbow of the Egg {elec, rF+ rC+ MP+9
                  | Stlth+}
 31566 | Spider:1 | Noticed Louise
 31578 | Spider:1 | Killed Louise
 31642 | Spider:1 | Identified the staff of Extermination {rC+ rN+ Ice}
 32089 | Spider:1 | Learned a level 7 spell: Enfeeble
 32125 | Spider:1 | Received a gift from Okawaru
 33356 | D:1      | Bought a scroll of teleportation for 42 gold pieces
 33356 | D:1      | Bought a scroll of fog for 56 gold pieces
 33385 | D:1      | Bought 2 potions of heal wounds for 130 gold pieces
 33658 | D:15     | Bought a scroll of teleportation for 42 gold pieces
 33658 | D:15     | Bought a scroll of teleportation for 42 gold pieces
 33658 | D:15     | Bought a scroll of revelation for 105 gold pieces
 34286 | Spider:2 | Acquired 986 gold pieces
 34591 | Spider:3 | Noticed Mara
 34603 | Spider:3 | Killed Mara
 35469 | Spider:4 | Entered Level 4 of the Spider Nest
 36004 | Spider:4 | Noticed Arachne
 36012 | Spider:4 | Killed Arachne
 36068 | Spider:4 | Received a gift from Okawaru
 36181 | Spider:4 | Found the +0 pair of fencer's gloves {Riposte Dex+3}
 36489 | Spider:4 | Received a gift from Okawaru
 37024 | Spider:4 | Got a gossamer rune of Zot
 37416 | Vaults:1 | Entered Level 1 of the Vaults
 37430 | D:13     | Reached XP level 20. HP: 50/140 MP: 13/41
 37892 | Vaults:1 | Found Fyiza's Distillery.
 37900 | Vaults:1 | Identified the +3 great mace "Jeho" {freeze, rF+ rN++}
 37916 | Vaults:1 | Bought a potion of heal wounds for 95 gold pieces
 37916 | Vaults:1 | Bought a potion of invisibility for 152 gold pieces
 37965 | Arena    | Entered the Arena
 38009 | Vaults:1 | Received a gift from Okawaru
 38699 | Vaults:1 | Received a gift from Okawaru
 38715 | Vaults:1 | Identified the +4 arbalest of Fortitude {drain, rN+ Int+4}
 39066 | Vaults:1 | Noticed Aizul
 39072 | Vaults:1 | Killed Aizul
 39895 | Vaults:2 | Received a gift from Okawaru
 39929 | Vaults:2 | Found a runed translucent door.
 39929 | Vaults:2 | Noticed Fieg's ghost (veteran HuWn)
 40886 | Vaults:3 | Reached XP level 21. HP: 146/146 MP: 45/45
 41329 | Vaults:3 | Received a gift from Okawaru
 41406 | Vaults:3 | Found a staircase to the Crypt.
 41860 | Vaults:4 | Found a crumbling gateway.
 41867 | Desolati | Entered the Desolation of Salt
 41954 | Desolati | Reached skill level 10 in Evocations
 41980 | Desolati | Received a gift from Okawaru
 41995 | Desolati | Identified the ring of the King {Fire Int-3 SInv Stlth+}
 42034 | Desolati | Identified the ring "Ysaucauw" {rF+ Will+ Dex-5 Slay+3}
 42046 | Desolati | Identified the +2 hand axe "Onythrao" {heavy, rF+ rN+}
 42054 | Desolati | Got a colourful book
 42413 | Desolati | Identified the +1 pair of gloves "Tiufaro" {rN+ Will-
                  | Slay+4}
 42466 | Desolati | Identified the staff of Balance {rF++ Str+3 Dex-2 Tloc
                  | Earth}
 42477 | Desolati | Got a vellum book
 43264 | Vaults:4 | Received a gift from Okawaru
 43309 | Vaults:4 | Identified the +6 morningstar of Oqoyvokuu {drain, rN+}
 43314 | Vaults:4 | Identified the +1 spear "Naibbile" {holy, rC- rN++ rCorr
                  | Int-4}
 44114 | Vaults:4 | Got a lithographed book
 44608 | Depths:1 | Entered Level 1 of the Depths
 44708 | Depths:1 | Reached skill level 15 in Evocations
 44730 | Depths:1 | Received a gift from Okawaru
 44767 | Depths:1 | Reached XP level 22. HP: 152/152 MP: 46/46
 44873 | Depths:1 | Found a gateway to Hell.
 45595 | Depths:2 | You fall into a shaft and drop 1 floor!
 45595 | Depths:3 | Found a one-way gateway to a ziggurat.
 45848 | Depths:2 | Found a flickering gateway to a bazaar.
 45866 | Bazaar   | Entered a bazaar
 45866 | Bazaar   | Found Odghihi's General Store.
 45873 | Bazaar   | Bought a potion of magic for 80 gold pieces
 45873 | Bazaar   | Bought a scroll of revelation for 75 gold pieces
 45874 | Bazaar   | Found Imu Zoma's Book Shoppe.
 45889 | Bazaar   | Found Pimicoarch's Antique Armour Shoppe.
 45924 | Bazaar   | Found Pishylemas's Antique Weapon Emporium.
 45980 | Depths:2 | Found Gury's Antique Armour Boutique.
 45994 | Depths:2 | Found Zibuwabi's General Store.
 46057 | Depths:2 | Received a gift from Okawaru
 46211 | Depths:2 | Noticed a caustic shrike
 46221 | Depths:2 | Killed a caustic shrike
 46595 | Depths:2 | Found Myerisagot's Assorted Antiques.
 46602 | Depths:2 | Bought a transparent ring mail for 333 gold pieces
 46602 | Depths:2 | Identified the +6 ring mail of Yclenihu {rF+} (You bought
                  | it in a shop on level 2 of the Depths)
 46798 | Depths:2 | Found a sparkling altar of Nemelex Xobeh.
 46820 | Depths:2 | Found a corrupted altar of Lugonu.
 46820 | Depths:2 | Found a one-way gate to the infinite horrors of the Abyss.
 47154 | Depths:2 | Found a one-way gate leading to the halls of Pandemonium.
 47665 | Depths:3 | Noticed a juggernaut
 47675 | Depths:3 | Received a gift from Okawaru
 47680 | Depths:3 | Killed a juggernaut
 47683 | Depths:3 | Noticed a caustic shrike
 47687 | Depths:3 | Killed a caustic shrike
 48284 | Depths:3 | Noticed a caustic shrike
 48289 | Depths:3 | Killed a caustic shrike
 48298 | Depths:3 | Received a gift from Okawaru
 48549 | Depths:3 | Noticed Norris
 48558 | Depths:3 | Killed Norris
 48565 | Depths:3 | Identified the ring "Toukk" {Wiz rN+ Int+5}
 48869 | Depths:3 | Noticed a golden dragon
 48875 | Depths:3 | Killed a golden dragon
 49209 | Depths:3 | Reached XP level 23. HP: 156/156 MP: 49/49
 49290 | Depths:3 | Received a gift from Okawaru
 49473 | Depths:4 | Entered Level 4 of the Depths
 49769 | Depths:4 | Noticed Frederick
 49798 | Depths:3 | Killed Frederick
 51149 | Depths:3 | Found a one-way gateway to a ziggurat.
 51772 | Depths:4 | Received a gift from Okawaru
 52252 | Depths:4 | Reached skill level 1 in Armour
 52758 | Depths:3 | Found a one-way gateway to a ziggurat.
 53620 | Depths:4 | Found a gate to the Realm of Zot.
 53702 | Depths:4 | Found Dipraukk's Armour Shop.
 54397 | Slime:1  | Entered Level 1 of the Pits of Slime
 54557 | Slime:2  | Received a gift from Okawaru
 54558 | Slime:2  | Reached skill level 5 in Armour
 55113 | Slime:5  | Entered Level 5 of the Pits of Slime
 55113 | Slime:5  | Found the +5 scythe "Finisher" {speed, execute}
 55226 | Slime:5  | Noticed the Royal Jelly
 55236 | Arena    | Entered the Arena
 55246 | Arena    | Killed the Royal Jelly
 55259 | Slime:5  | Found the +6 lightning scales {swift, rElec}
 56713 | Arena    | Entered the Arena
 56716 | Arena    | HP: 4/156 [drowned by a quicksilver ooze[the Royal Jelly]
                  | (7)]
 56717 | Arena    | Drowned by a quicksilver ooze

Illustrated notes

Levels and vault maps discovered:
D:1:      dpeg_arrival_windows_large_door, layout_basic, serial_shops, shop,
          shop, shop, shop, shop, minmay_misc_feat_x
D:2:      kennysheep_six_static_rooms, layout_loops_corners
D:3:      cheibrodos_pilgrimage, layout_basic, xom_butterflies, serial_curves,
          eino_curves_02, eino_curves_04, eino_curves_03,
          dreamdust_ecumenical_altar_statues
D:4:      layout_loops_ring, mainiacjoe_overflow_small_starburst,
          kennysheep_generic_room_9
D:5:      layout_loops_ring, mainiacjoe_overflow_24_doors,
          fedhas_ov_isle_minmay, nicolae_ru_awakened_eye, serial_undead,
          serial_undead_f, serial_undead_a, serial_undead_a, serial_undead_a,
          serial_undead_e, st_stairs_10, minmay_pentangle
D:6:      layout_rooms, temple_doors_e, serial_shops, shop,
          minmay_misc_feat_enclosed, kennysheep_pointless_box
D:7:      layout_loops_ring, elyvilon_altar_5, chequers_serial_rivers_room_a,
          dreamdust_mushroom_princess, kennysheep_nondescript
D:8:      layout_gridville, david_lair_generic
D:9:      layout_basic, tso_oasis_becter, nicolae_ashenzari_panopticon,
          uniq_joseph
D:10:     layout_roguey, orc_0_dummy
D:11:     layout_basic, uniq_harold, uniq_maurice, uniq_snorg
D:12:     layout_irregular_city
D:13:     layout_rooms, hellmonk_vaults_attempted_burglary, enter_trove_5,
          gammafunk_ghost_nasty_kobolds, nicolae_yredelemnul_corpse_copse
D:14:     layout_roguey, kiku_gazebo_garden_becter
D:15:     hellmonk_depths_entry_around_the_bend, layout_irregular_city,
          serial_shops, nicolae_shop_hallway_stairs, st_stairs_6, minivault_1
Temple:   nicolae_temple_superstar
Lair:1:   layout_loops_ring, chequers_serial_rivers_marsh,
          chequers_serial_rivers_micro_b
Lair:2:   layout_gridlike
Lair:3:   layout_cave_pods, alex1729_swamp_entry_worm_eleionoma,
          dummy_spider_entry, basic_altar, lemuel_fruit_tree
Lair:4:   layout_gridlike, basic_altar, grunt_megastairs_1, lemuel_fruit_fields
Lair:5:   hangedman_lair_in_review, layout_long_grid,
          hangedman_lair_caniforms_friends, slime_entry_1,
          grunt_forest_stairs_basic
Swamp:1:  layout_basic_swamp, evilmike_swamp_ruin_house_4,
          nicolae_swamp_small_spring
Swamp:2:  cheibrodos_swamp_monstrosity, layout_basic_swamp,
          evilmike_swamp_ruin_house_2, swamp_pool3, infiniplex_staircase_pool_2,
          uniq_jorgrun
Swamp:3:  layout_basic_swamp, evilmike_swamp_ruin_rubble_1, uniq_mlioglotl
Swamp:4:  swamp, layout_basic_swamp
Spider:1: layout_spider_delve, uniq_louise
Spider:2: layout_spider_delve
Spider:3: layout_spider_delve, uniq_mara
Spider:4: grunt_spider_rune_circles, nicolae_spider_not_touching_you,
          uniq_arachne
Slime:1:  layout_caves
Slime:2:  layout_caves, nicolae_slime_barrier
Slime:3:  layout_caves, cheibrodos_slime_lost_civilization_5
Slime:4:  layout_caves
Slime:5:  slime_pit_nicolae_jellycorners
Orc:1:    layout_caves, portal_ice_cave_rime, uniq_sonja
Orc:2:    st_orc_rangers, layout_caves
Elf:1:    eino_elf_arrival_customs, layout_rooms, hangedman_elf_represent
Elf:2:    elven_hall_of_blades_hangedman_alternative
          [nicolae_blade_entry_pointy_end], layout_rooms, grunt_megastairs_2
Elf:3:    minmay_elf_hall_four_x, layout_geoelf_grid, serial_shops,
          nicolae_shop_getting_attention
Vaults:1: v_rooms_6, nicolae_vaults_meeting, nicolae_vaults_storage_closets_1,
          v_misc_1, nicolae_vaults_surprise_closet, vaults_room_octagon,
          v_misc_4, nicolae_vaults_three_branches, grunt_vaults_diagonal,
          ontoclasm_vaults_ring_square, vaults_room_large_hall,
          vaults_mumra_chevron, vaults_room_door_ring, layout_vaults_maze,
          serial_shops, nicolae_shop_industrial_runoff, uniq_aizul
Vaults:2: ebering_ghost_inner_flame, vaults_dpeg_doors, vaults_room_pools,
          nicolae_vaults_holding_cells, nicolae_vaults_diagonal_hallway_6,
          nicolae_vaults_storage_room_doors, vaults_room_pools,
          vaults_dpeg_encased_lava, nicolae_vaults_six-pack,
          layout_vaults_omnigrid
Vaults:3: nicolae_vaults_tangram_2, vaults_standard_mumra_enter_the_diamond,
          nicolae_vaults_tetromino_L_2, minmay_crypt_entry_simple_box,
          grunt_vaults_focal, vaults_room_fancy_cross,
          nicolae_vaults_little_squares_4, nicolae_vaults_shrinking_rooms_1,
          grunt_vaults_hallway_short, v_misc_17,
          nicolae_vaults_trapezoid_layered,
          nicolae_vaults_offset_grid_hallway_3, vaults_dpeg_ring,
          layout_vaults_big_cross
Vaults:4: portal_desolation_entry_garden, nicolae_vaults_network_star,
          vaults_room_door_hall, v_alt_pattern_6, nicolae_vaults_weapon_check,
          st_spiral_rooms, v_misc_27, nicolae_vaults_angled_halls,
          vaults_room_grunt_arrival_checkpoint, vaults_room_grid,
          vaults_dpeg_cross, nicolae_vaults_apartment_2,
          nicolae_vaults_rhombus_6, vaults_room_semicircle,
          ontoclasm_vaults_shuriken, layout_vaults_chaotic_city
Depths:1: layout_long_grid, minmay_holes, grunt_mini_vestibule,
          chequers_serial_rivers_large_b, minivault_16, grunt_tough_drop
Depths:2: minmay_octo_star, layout_gridlike, serial_shops, bzr_entry_gold, shop,
          shop, nicolae_shop_pleasant_corner_grove, abyss_entry_flame_altar,
          rand_demon_pan_entry_9, nemelex_diamond_rough_becter, hell_entry,
          moated_statue, kilobyte_mutagenic_chamber
Depths:3: nzn_winding_woodlands_large [nzn_winding_woodlands_5x5_perimeter,
          nzn_winding_woodlands_5x15_sidewinder,
          nzn_winding_woodlands_5x5_cross,
          nzn_winding_woodlands_center_pierced_h,
          nzn_winding_woodlands_15x15_five_gardens,
          nzn_winding_woodlands_center_diamonds,
          nzn_winding_woodlands_5x5_default, nzn_winding_woodlands_5x15_crooked,
          nzn_winding_woodlands_5x5_default], layout_twisted_cross,
          enter_ziggurat_c, abyss_entry, grunt_decor_clamped,
          hangedman_geh_valley, uniq_norris
Depths:4: grunt_crosshair, layout_cross, serial_shops, shop, serial_glass,
          glass_columns_c, glass_columns_a, hell_entry, uniq_frederick
Arena

Skill      XL: |  1  2  3  4  5  6  7  8  9 10 11 12 13 14 15 16 17 18 19 20 21 22 23 |
---------------+----------------------------------------------------------------------+-----
Fighting       | 1 2 3 4 6 8 9 10 11 13 14 17 20 | 20.0
Ranged Weapons | 3 4 5 6 7 10 13 15 18 20 | 20.0
Spellcasting   | 2 8 12 15 18 20 | 20.0
Hexes          | 5 6 7 8 13 15 18 20 | 20.0
Dodging        | 4 5 6 8 10 11 15 16 18 20 | 20.0
Invocations    | 1 3 6 10 14 | 14.0
Evocations     | 1 5 15 19 20 | 20.0
Armour         | 8 |  8.0
Fire Magic     | |  1.1

Action                     |  1- 3 |  4- 6 |  7- 9 | 10-12 | 13-15 | 16-18 | 19-21 | 22-24 || total
---------------------------+-------+-------+-------+-------+-------+-------+-------+-------++-------
  Melee: Sling             |       |       |     1 |       |       |       |       |       ||     1
         Longbow           |       |       |       |       |     1 |       |     2 |       ||     3
   Fire: Sling             |   112 |   120 |   489 |    95 |       |       |       |       ||   816
         Longbow           |       |       |       |   506 |  1444 |  1286 |  1411 |   928 ||  5575
   Cast: Jinxbite          |     5 |     6 |    35 |     7 |       |     2 |       |       ||    55
         Sigil of Binding  |       |     3 |     1 |       |       |       |       |       ||     4
         Cause Fear        |       |       |       |     6 |     1 |     2 |     4 |     8 ||    21
         Dimensional Bulls |       |       |       |       |       |     3 |       |       ||     3
 Invoke: Heroism           |       |       |       |     2 |     6 |    11 |     4 |     4 ||    27
         Finesse           |       |       |       |     1 |     1 |    11 |     3 |     5 ||    21
         Receive Weapon    |       |       |       |     1 |       |       |       |       ||     1
         Receive Armour    |       |       |       |     1 |       |       |       |       ||     1
         Duel              |       |       |       |       |       |     4 |     1 |     2 ||     7
  Evoke: Wand              |       |       |     3 |       |       |     1 |       |     8 ||    12
         Phial of floods   |       |       |       |       |       |     2 |       |     1 ||     3
    Use: Scroll            |     1 |     3 |     4 |    16 |    14 |    14 |     8 |    11 ||    71
         Potion            |       |       |     6 |       |       |    17 |     2 |    13 ||    38
 Armour: Robe              |    18 |    42 |   162 |   120 |   216 |   223 |   355 |   299 ||  1435
  Dodge: Dodged            |    23 |    79 |   245 |   315 |   599 |   537 |  1357 |   864 ||  4019

Table legend: (Time is in decaauts)
 A = Elapsed time spent in this place.
 B = Non-inter-level travel time spent in this place.
 C = Inter-level travel time spent in this place.
 D = Time resting spent in this place.
 E = Time spent auto-exploring this place.
 F = Levels seen in this place.
 G = Mean time per level.
                   A        B        C        D        E       F      G
               +--------+--------+--------+--------+--------+-----+--------+
         Total |  56216 |  50868 |   5348 |  14091 |  26070 |  60 |  936.9 |
       Dungeon |  16337 |  13926 |   2411 |   3139 |   8041 |  15 | 1089.1 |
        Temple |     14 |      2 |     12 |      0 |      0 |   1 |   14.0 |
          Lair |   6282 |   5281 |   1001 |   1044 |   3073 |   5 | 1256.4 |
         Swamp |   3641 |   3474 |    167 |   1017 |   1778 |   4 |  910.2 |
   Spider Nest |   4943 |   4383 |    560 |   1011 |   2468 |   4 | 1235.8 |
    Slime Pits |   2021 |   1896 |    125 |    780 |    723 |   5 |  404.2 |
  Orcish Mines |   1002 |    866 |    136 |      0 |    623 |   2 |  501.0 |
   Elven Halls |   4264 |   4067 |    197 |   1312 |   1794 |   3 | 1421.3 |
        Vaults |   5979 |   5728 |    251 |   1229 |   3327 |   4 | 1494.8 |
        Depths |   9512 |   9029 |    483 |   4045 |   3623 |   4 | 2378.0 |
         Abyss |   1039 |   1039 |      0 |    337 |    232 |   3 |  346.3 |
        Bazaar |     76 |     76 |      0 |      0 |     62 |   1 |   76.0 |
      Ice Cave |     71 |     71 |      0 |     26 |      5 |   1 |   71.0 |
    Desolation |    916 |    916 |      0 |    147 |    318 |   1 |  916.0 |
         Arena |    113 |    113 |      0 |      0 |      0 |   7 |   16.1 |
               +--------+--------+--------+--------+--------+-----+--------+

Top non-repeatable levels by time:
Depths:3: 5938 daAuts
   Elf:3: 2325 daAuts
Spider:1: 1899 daAuts
Vaults:4: 1874 daAuts
Depths:2: 1864 daAuts
  Lair:5: 1665 daAuts
     D:5: 1589 daAuts
Spider:3: 1533 daAuts
Vaults:1: 1532 daAuts
 Slime:4: 1505 daAuts
Vaults:2: 1434 daAuts
  Lair:3: 1388 daAuts
  Lair:1: 1370 daAuts
     D:7: 1340 daAuts
     D:8: 1324 daAuts
